Warning! The script has encountered some errors when parsing the replay. Please report them to the . » details
0x00, prev: 0x16: 16 02 01 00 DC 64 00 00 B6 64 1E 00 [00] 00 00 00 00 00 00 00 00 00 00 00 00 00 00 00 00 00 00 00 00 00 00 00 12 00 04 11 00 18 00 03 1A 19 61 65 64 55 0E 99 00 00 F0 6F 01 00 01 1F 00 12 18 00 03 00 0D 00 FF FF FF FF FF FF FF FF 6C CC 24 C5 94 03 7F 45 FF FF FF FF FF FF FF FF 08 56 00 16 02 07 00 AC B3 00 00 11 7B 01 00 D2 C6 00 00 C2 0A 1C 00 35 25 00 00 1F 1C 1C 00 6B 3E 00 00 F8 DC 1C 00 7C A3 00 00 4B 97 1D 00 28 AC 00 00 F9 1B 1C 00 6A BC 00 00 6F 97 1D 00 16 01 01 00 E3 B0 00 00 E9 B0 00 00 1A 19 65 6F 74 65 E3 B0 00 00 E9 B0 00 00
0x00, prev: 0x00: 16 02 01 00 DC 64 00 00 B6 64 1E 00 00 00 00 00 00 00 00 00 00 00 00 00 00 00 00 00 00 00 00 00 00 00 [00] 00 12 00 04 11 00 18 00 03 1A 19 61 65 64 55 0E 99 00 00 F0 6F 01 00 01 1F 00 12 18 00 03 00 0D 00 FF FF FF FF FF FF FF FF 6C CC 24 C5 94 03 7F 45 FF FF FF FF FF FF FF FF 08 56 00 16 02 07 00 AC B3 00 00 11 7B 01 00 D2 C6 00 00 C2 0A 1C 00 35 25 00 00 1F 1C 1C 00 6B 3E 00 00 F8 DC 1C 00 7C A3 00 00 4B 97 1D 00 28 AC 00 00 F9 1B 1C 00 6A BC 00 00 6F 97 1D 00 16 01 01 00 E3 B0 00 00 E9 B0 00 00 1A 19 65 6F 74 65 E3 B0 00 00 E9 B0 00 00
0x09, prev: 0x00: 16 02 01 00 7E B7 00 00 82 D5 16 00 00 00 00 00 00 00 00 00 00 00 00 00 00 00 00 00 00 00 00 00 00 00 00 00 [09] 00
0x0D, prev: 0x00: 16 02 01 00 79 9E 00 00 A9 BE 09 00 00 00 00 00 00 00 00 00 00 00 00 00 00 00 00 00 00 00 00 00 00 00 00 00 [0D] 00 07 1F 00 12 00 00 03 00 0D 00 FF FF FF FF FF FF FF FF 00 00 B0 C5 00 00 88 44 D4 19 00 00 DE 2A 03 00
0x0A, prev: 0x00: 16 02 01 00 9C B3 00 00 79 66 03 00 00 00 00 00 00 00 00 00 00 00 00 00 00 00 00 00 00 00 00 00 00 00 00 00 [0A] 00 08 2C 00 17 00 05 00 CE A7 00 00 B9 36 17 00 0A BC 00 00 CD 06 18 00 CD D3 00 00 00 CB 18 00 EA 3C 00 00 DE D8 1A 00 E4 D3 00 00 03 D9 1A 00
0x00, prev: 0x1A: 16 02 01 00 C8 5D 00 00 9C AE 19 00 00 00 00 00 00 00 00 00 00 00 00 00 00 00 00 00 00 00 00 00 00 00 00 00 1A [00] 06 0D 00 68 84 52 58 43 E1 8A D2 45 00 00 A0 40 04 0C 00 16 01 01 00 94 9B 00 00 FA A1 1A 00 03 26 00 16 02 01 00 18 84 00 00 52 82 1A 00 16 01 01 00 DC 68 00 00 CB E1 1A 00 1A 19 61 65 70 68 DC 68 00 00 CB E1 1A 00
0x00, prev: 0x01: 16 02 01 00 C8 5D 00 00 9C AE 19 00 00 00 00 00 00 00 00 00 00 00 00 00 00 00 00 00 00 00 00 00 00 00 00 00 01 [00] 07 1F 00 12 00 00 03 00 0D 00 FF FF FF FF FF FF FF FF AF 39 2B C5 4A 44 7F 45 FF FF FF FF FF FF FF FF
0x15, prev: 0x00: 16 02 02 00 B5 B4 00 00 B5 5C 01 00 9C B3 00 00 79 66 03 00 00 00 00 00 00 00 00 00 00 00 00 00 00 00 00 00 00 00 00 00 00 00 00 00 [15] 00
0x0E, prev: 0x00: 16 02 01 00 96 CC 00 00 AC 23 13 00 00 00 00 00 00 00 00 00 00 00 00 00 00 00 00 00 00 00 00 00 00 00 00 00 [0E] 00 07 1F 00 12 00 00 03 00 0D 00 FF FF FF FF FF FF FF FF 7E 44 D8 43 E8 31 05 C5 FF FF FF FF FF FF FF FF 01 3E 00 16 02 04 00 BC 11 00 00 8B B5 07 00 E4 B7 00 00 E5 9E 02 00 4F C4 00 00 C9 98 0F 00 1C D1 00 00 D9 62 0F 00 16 01 01 00 6B 3E 00 00 F8 DC 1C 00 1A 19 6D 68 63 65 6B 3E 00 00 F8 DC 1C 00
General information
- name: BNet
- type: Ladder team game (AT/RT)
- host: Battle.net
- saver: MagnificentMata
map: Friends
- players: 8
- length: 50:16
- speed: Fast
- version: 1.23 W3XP
- replay type: Public
» download(440 KB)
Players
team 1 (winner)

»
MagnificentMata (
green | 153 APM | 6105 actions | 39:49)
6 Blademaster
3 Wind Walk
2 Critical Strike
1 Bladestorm
5 Tauren Chieftain
3 Shockwave
2 Endurance Aura
» actions
| Assign group hotkey | 699 | |
| Basic commands | 31 | |
| Build / train | 127 | |
| Enter build submenu | 313 | |
| Enter hero's abilities submenu | 13 | |
| Give item / drop item | 11 | |
| Right click | 2759 | |
| Select / deselect | 1338 | |
| Select group hotkey | 323 | |
| Use ability | 491 | |
6105 total
» units
| Peon | 51 | |
| Troll Batrider | 20 | |
| Goblin Shredder | 2 | |
| Demolisher | 2 | |
75 total
» upgrades
| Reinforced Defenses | 1 | |
| Shaman Training | 1 | |
| Liquid Fire | 1 | |
3 total
» buildings
| Altar of Storms | 2 | |
| Orc Burrow | 12 | |
| War Mill | 2 | |
| Watch Tower | 201 | |
| Voodoo Lounge | 4 | |
| Stronghold | 2 | |
| Great Hall | 4 | |
| Fortress | 3 | |
| Spirit Lodge | 2 | |
| Beastiary | 6 | |
| Barracks | 2 | |
240 total
» build order
00:06 Altar of Storms
00:18 Orc Burrow
00:46 War Mill
01:59 Watch Tower
02:10 Watch Tower
02:34 Orc Burrow
03:31 Watch Tower
03:47 Watch Tower
03:50 Watch Tower
03:52 Watch Tower
03:57 Watch Tower
04:13 Voodoo Lounge
04:32 Watch Tower
04:51 Watch Tower
04:54 Watch Tower
05:20 Watch Tower
05:29 Watch Tower
05:47 Watch Tower
06:14 Watch Tower
06:44 Watch Tower
06:46 Watch Tower
06:49 Watch Tower
06:55 Watch Tower
07:28 Watch Tower
07:30 Watch Tower
07:50 Watch Tower
07:51 Watch Tower
08:07 Stronghold
08:32 Watch Tower
08:55 Watch Tower
09:24 Watch Tower
09:25 Watch Tower
10:03 Watch Tower
10:17 Watch Tower
10:19 Watch Tower
10:21 Watch Tower
11:39 Great Hall
12:07 Watch Tower
12:17 Watch Tower
12:31 Orc Burrow
12:34 Orc Burrow
13:01 War Mill
13:05 Watch Tower
13:07 Watch Tower
13:13 Watch Tower
14:36 Watch Tower
14:38 Watch Tower
16:49 Fortress
17:37 Watch Tower
17:38 Watch Tower
19:13 Watch Tower
19:14 Watch Tower
19:20 Great Hall
19:28 Watch Tower
19:29 Watch Tower
19:30 Watch Tower
20:14 Orc Burrow
20:19 Watch Tower
20:23 Watch Tower
20:24 Watch Tower
20:34 Watch Tower
20:35 Watch Tower
20:36 Watch Tower
20:38 Watch Tower
20:39 Watch Tower
21:17 Watch Tower
21:22 Watch Tower
22:02 Watch Tower
22:03 Watch Tower
22:04 Watch Tower
22:04 Watch Tower
22:31 Watch Tower
22:31 Watch Tower
22:36 Watch Tower
22:37 Watch Tower
22:50 Spirit Lodge
22:51 Spirit Lodge
23:40 Watch Tower
23:50 Great Hall
23:55 Watch Tower
23:58 Watch Tower
23:59 Watch Tower
23:59 Watch Tower
24:04 Watch Tower
24:04 Watch Tower
24:11 Beastiary
24:12 Beastiary
24:46 Watch Tower
24:46 Watch Tower
24:54 Watch Tower
24:54 Watch Tower
24:55 Watch Tower
25:59 Watch Tower
26:00 Watch Tower
26:01 Watch Tower
26:03 Watch Tower
26:04 Watch Tower
26:05 Watch Tower
26:09 Watch Tower
26:10 Watch Tower
26:11 Watch Tower
26:12 Watch Tower
26:13 Watch Tower
26:15 Watch Tower
26:23 Watch Tower
26:24 Watch Tower
26:27 Watch Tower
27:13 Watch Tower
27:13 Watch Tower
27:14 Watch Tower
27:15 Watch Tower
27:17 Watch Tower
27:19 Watch Tower
27:21 Watch Tower
27:25 Watch Tower
27:26 Watch Tower
27:28 Watch Tower
27:51 Watch Tower
28:06 Watch Tower
28:25 Watch Tower
29:44 Altar of Storms
29:52 Beastiary
29:53 Beastiary
29:57 Watch Tower
29:57 Watch Tower
30:02 Watch Tower
30:03 Watch Tower
30:03 Watch Tower
30:06 Watch Tower
30:31 Watch Tower
31:11 Watch Tower
31:11 Watch Tower
31:12 Watch Tower
31:14 Watch Tower
31:15 Watch Tower
31:18 Watch Tower
31:19 Watch Tower
31:30 Watch Tower
31:33 Watch Tower
31:34 Watch Tower
32:06 Orc Burrow
32:12 Orc Burrow
32:19 Watch Tower
32:21 Watch Tower
32:21 Watch Tower
32:25 Beastiary
32:26 Beastiary
32:40 Watch Tower
32:41 Watch Tower
32:41 Watch Tower
32:43 Watch Tower
33:05 Voodoo Lounge
33:15 Watch Tower
33:17 Watch Tower
33:18 Watch Tower
33:23 Watch Tower
34:42 Watch Tower
34:43 Watch Tower
34:43 Watch Tower
34:44 Watch Tower
34:45 Watch Tower
34:46 Watch Tower
35:06 Watch Tower
35:07 Watch Tower
35:08 Watch Tower
35:08 Watch Tower
35:09 Watch Tower
35:10 Watch Tower
35:53 Watch Tower
35:54 Watch Tower
35:55 Watch Tower
35:56 Watch Tower
35:56 Watch Tower
36:12 Watch Tower
36:13 Watch Tower
36:36 Watch Tower
37:21 Watch Tower
37:22 Watch Tower
37:23 Watch Tower
37:23 Watch Tower
37:24 Watch Tower
37:39 Watch Tower
38:18 Voodoo Lounge
39:02 Watch Tower
39:02 Watch Tower
39:03 Watch Tower
39:03 Watch Tower
39:10 Watch Tower
39:10 Watch Tower
39:11 Watch Tower
39:29 Watch Tower
39:49 Watch Tower
» items
| Healing Salve | 6 | |
| Lesser Clarity Potion | 3 | |
| Boots of Quel'Thalas +6 | 3 | |
| Potion of Healing | 4 | |
| Orb of Lightning | 2 | |
| Scroll of Town Portal | 1 | |
| Belt of Giant Strength +6 | 1 | |
| Runed Bracers | 2 | |
| Inferno Stone | 2 | |
24 total
Starshaped (
pink | 57 APM | 2287 actions | 39:49)
6 Archmage
3 Blizzard
2 Brilliance Aura
1 Mass Teleport
» actions
| Assign group hotkey | 7 | |
| Basic commands | 36 | |
| Build / train | 169 | |
| ESC pressed | 3 | |
| Enter build submenu | 172 | |
| Enter hero's abilities submenu | 6 | |
| Give item / drop item | 7 | |
| Remove unit from queue | 2 | |
| Right click | 707 | |
| Select / deselect | 568 | |
| Select group hotkey | 259 | |
| Use ability | 351 | |
2287 total
» units
| Peasant | 30 | |
| Goblin Zeppelin | 5 | |
| Priest | 2 | |
| Mortar Team | 1 | |
| Goblin Shredder | 2 | |
| Siege Engine | 9 | |
49 total
» upgrades
| Masonry | 3 | |
| Magic Sentry | 1 | |
| Lumber Harvesting | 2 | |
| Flying Machine Bombs | 1 | |
| Barrage | 0 | |
| Flak Cannons | 1 | |
| Flare | 1 | |
| Fragmentation Shards | 0 | |
9 total
» buildings
| Lumber Mill | 3 | |
| Farm | 8 | |
| Altar of Kings | 2 | |
| Scout Tower | 212 | |
| Arcane Tower | 3 | |
| Guard Tower | 68 | |
| Arcane Vault | 6 | |
| Keep | 2 | |
| Castle | 2 | |
| Arcane Sanctum | 1 | |
| Blacksmith | 3 | |
| Workshop | 3 | |
| Town Hall | 1 | |
| Cannon Tower | 3 | |
317 total
» build order
00:19 Lumber Mill
00:38 Farm
00:59 Altar of Kings
01:06 Altar of Kings
01:24 Scout Tower
01:39 Farm
01:41 Farm
01:52 Arcane Tower
02:01 Scout Tower
02:30 Guard Tower
02:35 Scout Tower
02:41 Scout Tower
02:42 Scout Tower
02:45 Scout Tower
02:49 Scout Tower
02:50 Scout Tower
03:03 Guard Tower
03:14 Arcane Vault
03:20 Guard Tower
03:38 Guard Tower
03:45 Scout Tower
03:59 Farm
04:01 Farm
04:24 Scout Tower
04:33 Scout Tower
04:34 Scout Tower
04:36 Scout Tower
05:19 Guard Tower
05:22 Guard Tower
05:34 Scout Tower
05:35 Scout Tower
05:39 Scout Tower
05:40 Scout Tower
05:41 Scout Tower
05:43 Scout Tower
05:53 Farm
05:57 Farm
06:26 Guard Tower
06:27 Guard Tower
06:38 Lumber Mill
06:41 Scout Tower
06:43 Scout Tower
06:44 Scout Tower
06:45 Scout Tower
06:47 Scout Tower
06:50 Scout Tower
06:51 Scout Tower
06:54 Guard Tower
07:15 Arcane Tower
07:15 Guard Tower
07:20 Scout Tower
07:44 Guard Tower
08:09 Guard Tower
08:14 Scout Tower
08:15 Scout Tower
08:18 Scout Tower
08:19 Scout Tower
08:20 Scout Tower
08:21 Scout Tower
08:42 Keep
08:55 Guard Tower
09:23 Scout Tower
09:24 Scout Tower
09:29 Scout Tower
09:30 Scout Tower
09:34 Scout Tower
09:50 Scout Tower
09:52 Scout Tower
09:58 Scout Tower
09:59 Scout Tower
10:02 Scout Tower
10:03 Scout Tower
10:05 Scout Tower
10:06 Scout Tower
10:10 Guard Tower
10:16 Guard Tower
11:30 Guard Tower
11:39 Lumber Mill
12:12 Castle
12:58 Guard Tower
13:10 Scout Tower
13:12 Scout Tower
13:14 Scout Tower
13:16 Scout Tower
13:17 Scout Tower
13:18 Scout Tower
14:15 Guard Tower
14:16 Guard Tower
14:35 Arcane Sanctum
14:40 Blacksmith
16:08 Workshop
16:12 Workshop
16:19 Workshop
17:48 Town Hall
18:03 Scout Tower
18:05 Scout Tower
18:06 Scout Tower
18:08 Scout Tower
18:09 Scout Tower
18:11 Scout Tower
18:12 Scout Tower
18:17 Scout Tower
18:18 Scout Tower
18:19 Scout Tower
18:20 Scout Tower
18:22 Scout Tower
18:23 Scout Tower
18:24 Scout Tower
18:25 Scout Tower
18:26 Scout Tower
19:24 Guard Tower
20:06 Guard Tower
20:17 Scout Tower
21:01 Guard Tower
21:10 Arcane Vault
23:31 Guard Tower
24:12 Scout Tower
24:14 Scout Tower
24:15 Scout Tower
24:17 Scout Tower
24:18 Scout Tower
24:19 Scout Tower
24:20 Scout Tower
24:29 Scout Tower
24:30 Scout Tower
24:31 Scout Tower
24:32 Scout Tower
24:33 Scout Tower
24:34 Scout Tower
24:35 Scout Tower
24:37 Scout Tower
24:38 Scout Tower
24:40 Scout Tower
24:41 Scout Tower
24:42 Scout Tower
24:43 Scout Tower
24:44 Scout Tower
24:45 Scout Tower
24:46 Scout Tower
24:49 Scout Tower
24:50 Scout Tower
24:51 Scout Tower
24:53 Scout Tower
24:57 Scout Tower
24:58 Scout Tower
25:01 Scout Tower
25:03 Scout Tower
25:04 Scout Tower
25:05 Scout Tower
25:07 Scout Tower
25:19 Guard Tower
25:23 Guard Tower
25:33 Guard Tower
25:42 Arcane Vault
25:46 Arcane Vault
26:05 Scout Tower
26:09 Guard Tower
26:21 Guard Tower
26:27 Scout Tower
26:32 Scout Tower
26:33 Scout Tower
26:34 Scout Tower
26:35 Scout Tower
26:36 Scout Tower
26:37 Scout Tower
26:48 Arcane Vault
26:55 Arcane Vault
27:18 Guard Tower
27:23 Guard Tower
27:25 Scout Tower
28:15 Guard Tower
28:30 Guard Tower
28:32 Scout Tower
28:33 Scout Tower
28:43 Scout Tower
28:44 Scout Tower
28:46 Scout Tower
28:47 Scout Tower
28:48 Scout Tower
28:50 Scout Tower
28:52 Scout Tower
28:55 Scout Tower
28:57 Scout Tower
28:58 Scout Tower
29:33 Guard Tower
30:45 Scout Tower
30:46 Scout Tower
30:49 Scout Tower
30:50 Scout Tower
30:52 Scout Tower
30:55 Scout Tower
31:00 Scout Tower
31:02 Scout Tower
31:03 Scout Tower
31:05 Scout Tower
31:19 Guard Tower
31:34 Guard Tower
32:36 Guard Tower
32:57 Guard Tower
32:58 Guard Tower
33:02 Guard Tower
33:05 Guard Tower
33:23 Scout Tower
33:25 Scout Tower
33:27 Scout Tower
33:29 Scout Tower
33:30 Scout Tower
33:33 Scout Tower
33:35 Scout Tower
33:36 Scout Tower
33:37 Scout Tower
33:38 Scout Tower
33:46 Scout Tower
33:47 Scout Tower
33:55 Scout Tower
33:56 Guard Tower
34:15 Guard Tower
34:17 Scout Tower
34:28 Guard Tower
34:29 Guard Tower
34:35 Scout Tower
34:43 Guard Tower
34:53 Guard Tower
34:55 Scout Tower
34:57 Scout Tower
35:22 Guard Tower
35:23 Guard Tower
35:27 Guard Tower
36:48 Scout Tower
36:52 Scout Tower
36:54 Farm
37:08 Guard Tower
37:09 Guard Tower
37:12 Guard Tower
37:18 Cannon Tower
37:27 Scout Tower
37:35 Scout Tower
38:00 Cannon Tower
38:24 Cannon Tower
38:37 Scout Tower
38:40 Scout Tower
38:41 Scout Tower
38:44 Scout Tower
38:46 Scout Tower
38:48 Scout Tower
38:59 Scout Tower
39:00 Scout Tower
39:01 Scout Tower
39:13 Scout Tower
39:14 Scout Tower
39:16 Scout Tower
39:18 Scout Tower
39:19 Scout Tower
39:21 Scout Tower
39:35 Guard Tower
39:36 Guard Tower
39:43 Guard Tower
39:48 Guard Tower
39:49 Blacksmith
» items
| Scroll of Regeneration | 1 | |
| Ivory Tower | 16 | |
| Lesser Clarity Potion | 1 | |
| Healing Salve | 1 | |
| Orb of Fire | 4 | |
23 total
TIMG4STRok (
teal | 111 APM | 4411 actions | 39:49)
6 Paladin
3 Holy Light
3 Divine Shield
5 Mountain King
3 Storm Bolt
2 Bash
» actions
| Assign group hotkey | 7 | |
| Basic commands | 43 | |
| Build / train | 167 | |
| ESC pressed | 4 | |
| Enter build submenu | 185 | |
| Enter hero's abilities submenu | 11 | |
| Give item / drop item | 4 | |
| Right click | 1909 | |
| Select / deselect | 524 | |
| Select group hotkey | 1074 | |
| Use ability | 483 | |
4411 total
» units
» upgrades
| Masonry | 3 | |
| Magic Sentry | 1 | |
| Lumber Harvesting | 2 | |
6 total
» buildings
| Altar of Kings | 4 | |
| Farm | 5 | |
| Lumber Mill | 3 | |
| Scout Tower | 329 | |
| Arcane Tower | 4 | |
| Guard Tower | 86 | |
| Keep | 1 | |
| Arcane Sanctum | 1 | |
| Town Hall | 2 | |
| Castle | 1 | |
| Arcane Vault | 1 | |
437 total
» build order
00:10 Altar of Kings
00:14 Farm
00:46 Lumber Mill
00:58 Scout Tower
01:17 Farm
01:32 Arcane Tower
01:53 Scout Tower
02:02 Scout Tower
02:29 Arcane Tower
02:36 Guard Tower
03:09 Scout Tower
03:11 Scout Tower
03:12 Scout Tower
03:14 Scout Tower
03:22 Scout Tower
03:23 Scout Tower
03:24 Scout Tower
03:24 Scout Tower
03:45 Farm
03:46 Farm
03:48 Guard Tower
04:03 Guard Tower
04:28 Guard Tower
04:36 Scout Tower
04:37 Scout Tower
04:47 Guard Tower
04:51 Scout Tower
04:51 Scout Tower
05:12 Guard Tower
05:40 Guard Tower
05:57 Scout Tower
05:58 Scout Tower
06:00 Scout Tower
06:01 Scout Tower
06:04 Guard Tower
06:07 Scout Tower
06:08 Scout Tower
06:25 Lumber Mill
06:29 Guard Tower
06:39 Guard Tower
06:43 Scout Tower
06:43 Scout Tower
06:48 Scout Tower
06:49 Scout Tower
06:56 Guard Tower
07:35 Guard Tower
07:42 Guard Tower
08:03 Keep
08:40 Guard Tower
09:17 Scout Tower
09:19 Scout Tower
09:23 Scout Tower
09:24 Scout Tower
09:29 Scout Tower
09:30 Scout Tower
09:30 Scout Tower
09:32 Scout Tower
09:36 Scout Tower
09:36 Scout Tower
09:38 Scout Tower
09:41 Scout Tower
09:41 Scout Tower
09:42 Scout Tower
09:43 Scout Tower
09:50 Scout Tower
09:51 Scout Tower
09:52 Scout Tower
09:54 Scout Tower
09:55 Scout Tower
09:58 Guard Tower
10:00 Guard Tower
10:03 Scout Tower
10:04 Scout Tower
10:06 Scout Tower
10:11 Scout Tower
10:12 Scout Tower
10:13 Scout Tower
10:15 Arcane Tower
10:35 Arcane Sanctum
11:25 Guard Tower
11:58 Guard Tower
12:46 Guard Tower
12:54 Guard Tower
13:59 Town Hall
14:09 Scout Tower
14:10 Scout Tower
14:11 Scout Tower
14:12 Scout Tower
14:16 Scout Tower
14:17 Scout Tower
14:17 Scout Tower
14:18 Scout Tower
14:18 Scout Tower
14:20 Guard Tower
14:42 Guard Tower
14:55 Scout Tower
14:55 Scout Tower
14:56 Scout Tower
14:58 Scout Tower
15:20 Guard Tower
15:26 Castle
15:30 Scout Tower
15:30 Scout Tower
15:31 Scout Tower
15:31 Scout Tower
15:32 Scout Tower
15:39 Guard Tower
15:51 Scout Tower
15:52 Scout Tower
15:53 Scout Tower
15:54 Scout Tower
15:57 Altar of Kings
15:57 Altar of Kings
16:31 Guard Tower
16:34 Scout Tower
16:35 Scout Tower
16:48 Guard Tower
16:50 Scout Tower
16:51 Scout Tower
16:51 Scout Tower
16:52 Scout Tower
17:02 Scout Tower
17:03 Scout Tower
17:04 Scout Tower
17:18 Guard Tower
17:20 Scout Tower
17:21 Scout Tower
17:22 Scout Tower
17:22 Scout Tower
17:23 Scout Tower
17:23 Scout Tower
17:35 Guard Tower
17:50 Scout Tower
17:51 Scout Tower
17:53 Guard Tower
18:02 Scout Tower
18:03 Scout Tower
18:04 Scout Tower
18:04 Scout Tower
18:05 Scout Tower
18:08 Guard Tower
18:10 Scout Tower
18:11 Scout Tower
18:12 Scout Tower
18:13 Scout Tower
18:13 Scout Tower
18:14 Scout Tower
18:15 Scout Tower
18:16 Scout Tower
18:16 Scout Tower
18:28 Guard Tower
18:30 Scout Tower
18:31 Scout Tower
18:31 Scout Tower
18:57 Guard Tower
19:33 Guard Tower
19:35 Guard Tower
19:44 Scout Tower
19:45 Scout Tower
19:46 Scout Tower
19:47 Scout Tower
19:48 Scout Tower
19:50 Scout Tower
19:50 Scout Tower
19:55 Guard Tower
19:57 Scout Tower
19:58 Scout Tower
19:59 Scout Tower
20:13 Scout Tower
20:13 Scout Tower
20:15 Scout Tower
20:15 Scout Tower
20:22 Scout Tower
20:23 Scout Tower
20:24 Scout Tower
20:25 Scout Tower
20:26 Scout Tower
20:26 Scout Tower
20:27 Scout Tower
20:28 Scout Tower
20:30 Scout Tower
20:31 Scout Tower
20:32 Scout Tower
20:33 Scout Tower
20:34 Scout Tower
20:35 Scout Tower
20:36 Scout Tower
20:36 Scout Tower
20:38 Guard Tower
20:44 Altar of Kings
20:45 Farm
20:52 Guard Tower
21:00 Guard Tower
21:17 Guard Tower
21:52 Arcane Vault
22:15 Guard Tower
22:15 Guard Tower
22:15 Guard Tower
22:16 Guard Tower
22:27 Guard Tower
22:28 Guard Tower
22:46 Guard Tower
22:51 Guard Tower
22:54 Scout Tower
22:56 Scout Tower
24:11 Guard Tower
24:13 Scout Tower
24:14 Scout Tower
24:36 Guard Tower
24:38 Guard Tower
24:44 Guard Tower
24:46 Scout Tower
24:47 Scout Tower
24:48 Scout Tower
24:55 Scout Tower
24:56 Scout Tower
24:57 Scout Tower
24:57 Scout Tower
25:12 Scout Tower
25:13 Scout Tower
25:14 Scout Tower
25:15 Scout Tower
25:51 Scout Tower
25:52 Scout Tower
25:53 Scout Tower
25:54 Scout Tower
25:54 Scout Tower
26:05 Guard Tower
26:08 Guard Tower
26:13 Guard Tower
26:15 Scout Tower
26:22 Guard Tower
26:29 Scout Tower
26:30 Scout Tower
26:30 Scout Tower
26:31 Scout Tower
26:32 Scout Tower
26:32 Scout Tower
26:34 Scout Tower
26:35 Scout Tower
26:37 Scout Tower
26:37 Scout Tower
26:38 Scout Tower
26:38 Scout Tower
26:39 Scout Tower
26:40 Scout Tower
26:41 Scout Tower
26:42 Scout Tower
26:42 Scout Tower
26:43 Scout Tower
26:48 Guard Tower
26:52 Scout Tower
26:53 Scout Tower
26:55 Scout Tower
26:56 Scout Tower
26:56 Scout Tower
26:57 Scout Tower
28:08 Guard Tower
28:12 Scout Tower
28:13 Scout Tower
28:20 Guard Tower
28:22 Guard Tower
28:38 Scout Tower
28:40 Guard Tower
28:51 Scout Tower
28:52 Scout Tower
28:53 Scout Tower
28:53 Scout Tower
28:59 Scout Tower
29:00 Scout Tower
29:01 Scout Tower
29:01 Scout Tower
29:10 Guard Tower
29:13 Scout Tower
29:14 Scout Tower
29:15 Scout Tower
29:16 Scout Tower
29:17 Scout Tower
29:18 Scout Tower
29:19 Scout Tower
29:21 Scout Tower
29:33 Scout Tower
29:35 Scout Tower
29:37 Scout Tower
29:39 Scout Tower
29:39 Scout Tower
29:42 Scout Tower
29:43 Scout Tower
29:44 Scout Tower
29:45 Scout Tower
29:48 Guard Tower
30:31 Guard Tower
30:39 Guard Tower
31:14 Guard Tower
31:16 Scout Tower
31:17 Scout Tower
31:18 Scout Tower
31:19 Scout Tower
31:20 Scout Tower
31:21 Scout Tower
31:22 Scout Tower
31:22 Scout Tower
31:23 Scout Tower
31:24 Scout Tower
31:25 Scout Tower
31:26 Scout Tower
31:26 Scout Tower
31:27 Scout Tower
31:43 Guard Tower
31:45 Scout Tower
31:46 Scout Tower
31:47 Scout Tower
31:47 Scout Tower
31:48 Scout Tower
31:48 Scout Tower
31:49 Scout Tower
31:50 Scout Tower
32:02 Scout Tower
32:03 Scout Tower
32:04 Scout Tower
32:04 Scout Tower
32:05 Scout Tower
32:05 Scout Tower
32:14 Town Hall
33:00 Scout Tower
33:01 Scout Tower
33:02 Scout Tower
33:02 Scout Tower
33:03 Scout Tower
33:04 Scout Tower
33:04 Scout Tower
33:09 Guard Tower
33:44 Guard Tower
33:59 Guard Tower
34:00 Scout Tower
34:01 Scout Tower
34:02 Scout Tower
34:02 Scout Tower
34:03 Scout Tower
34:03 Scout Tower
34:05 Scout Tower
34:06 Scout Tower
34:08 Guard Tower
34:11 Guard Tower
34:15 Lumber Mill
35:00 Guard Tower
35:02 Scout Tower
35:04 Scout Tower
35:05 Scout Tower
35:07 Scout Tower
35:08 Scout Tower
36:12 Guard Tower
36:15 Scout Tower
36:15 Scout Tower
36:16 Scout Tower
36:17 Scout Tower
36:18 Scout Tower
36:25 Scout Tower
36:26 Scout Tower
37:47 Guard Tower
39:06 Scout Tower
39:49 Scout Tower
» items
| Staff of Sanctuary | 2 | |
| Orb of Lightning | 2 | |
| Belt of Giant Strength +6 | 2 | |
| Ankh of Reincarnation | 1 | |
| Sobi Mask | 2 | |
| Potion of Mana | 1 | |
| Lesser Clarity Potion | 1 | |
11 total
us-east (
blue | 130 APM | 5180 actions | 39:49)
8 Blademaster
3 Wind Walk
3 Critical Strike
1 Bladestorm
1 Mirror Image
4 Tauren Chieftain
2 Shockwave
2 Endurance Aura
3 Pandaren Brewmaster
2 Breath of Fire
1 Drunken Haze
» actions
| Assign group hotkey | 22 | |
| Basic commands | 55 | |
| Build / train | 124 | |
| ESC pressed | 5 | |
| Enter build submenu | 75 | |
| Enter hero's abilities submenu | 15 | |
| Give item / drop item | 15 | |
| Right click | 2539 | |
| Select / deselect | 606 | |
| Select group hotkey | 1399 | |
| Use ability | 324 | |
5180 total
» units
| Peon | 33 | |
| Troll Batrider | 28 | |
| Goblin Shredder | 2 | |
63 total
» upgrades
| Spiked Barricades | 1 | |
| Reinforced Defenses | 1 | |
2 total
» buildings
| Altar of Storms | 4 | |
| Orc Burrow | 8 | |
| War Mill | 2 | |
| Watch Tower | 28 | |
| Voodoo Lounge | 3 | |
| Stronghold | 5 | |
| Beastiary | 5 | |
| Fortress | 2 | |
| Great Hall | 5 | |
62 total
» build order
00:10 Altar of Storms
00:19 Orc Burrow
00:50 War Mill
01:18 Orc Burrow
02:02 Watch Tower
02:19 Watch Tower
02:57 Watch Tower
02:59 Watch Tower
02:59 Watch Tower
03:15 Watch Tower
03:38 Watch Tower
04:05 Watch Tower
04:24 Watch Tower
04:27 Watch Tower
04:39 Watch Tower
04:57 Voodoo Lounge
05:22 Watch Tower
05:26 Watch Tower
05:34 Watch Tower
06:31 Stronghold
06:31 Stronghold
07:51 Watch Tower
07:53 Watch Tower
07:54 Watch Tower
07:55 Watch Tower
08:37 War Mill
09:08 Watch Tower
09:09 Watch Tower
09:10 Watch Tower
10:16 Beastiary
10:18 Beastiary
10:55 Voodoo Lounge
11:16 Beastiary
11:29 Orc Burrow
11:32 Orc Burrow
12:46 Voodoo Lounge
12:55 Watch Tower
12:56 Watch Tower
12:57 Watch Tower
13:08 Watch Tower
17:21 Watch Tower
17:22 Watch Tower
17:25 Fortress
17:25 Fortress
18:44 Great Hall
22:53 Beastiary
24:19 Beastiary
26:00 Watch Tower
33:45 Altar of Storms
33:51 Great Hall
36:22 Altar of Storms
36:33 Orc Burrow
36:36 Orc Burrow
37:23 Great Hall
37:45 Stronghold
37:45 Stronghold
38:38 Great Hall
39:49 Orc Burrow
» items
| Lesser Clarity Potion | 4 | |
| Healing Salve | 2 | |
| Scroll of Speed | 1 | |
| Belt of Giant Strength +6 | 3 | |
| Runed Bracers | 1 | |
| Scourge Bone Chimes | 1 | |
| Inferno Stone | 1 | |
| Scroll of Town Portal | 5 | |
| Orb of Lightning | 4 | |
| Boots of Quel'Thalas +6 | 4 | |
| Tiny Great Hall | 2 | |
| Potion of Mana | 3 | |
| Potion of Healing | 1 | |
| Healing Wards | 1 | |
33 total
team 2 (loser)
AlexDeatH (
orange | 56 APM | 2241 actions | 39:49)
4 Mountain King
2 Storm Bolt
2 Bash
» actions
| Basic commands | 42 | |
| Build / train | 115 | |
| Enter build submenu | 26 | |
| Enter hero's abilities submenu | 5 | |
| Remove unit from queue | 1 | |
| Right click | 1402 | |
| Select / deselect | 541 | |
| Use ability | 106 | |
2241 total
» units
| Peasant | 15 | |
| Footman | 8 | |
| Mortar Team | 7 | |
| Siege Engine | 25 | |
| Dragonhawk Rider | 31 | |
86 total
» upgrades
| Lumber Harvesting | 1 | |
| Gunpowder | 3 | |
| Flare | 1 | |
| Barrage | 1 | |
| Cloud | 1 | |
| Armor | 1 | |
| Plating | 3 | |
11 total
» buildings
| Altar of Kings | 1 | |
| Barracks | 2 | |
| Farm | 11 | |
| Lumber Mill | 1 | |
| Keep | 1 | |
| Blacksmith | 1 | |
| Workshop | 3 | |
| Gryphon Aviary | 3 | |
| Arcane Vault | 1 | |
| Castle | 1 | |
25 total
» build order
00:07 Altar of Kings
00:21 Barracks
00:29 Barracks
00:36 Farm
01:06 Farm
01:35 Farm
02:22 Lumber Mill
02:36 Farm
03:42 Keep
03:48 Farm
06:30 Blacksmith
07:29 Workshop
07:31 Workshop
07:34 Gryphon Aviary
09:34 Farm
09:39 Farm
11:08 Arcane Vault
12:54 Castle
17:19 Farm
17:19 Farm
17:19 Farm
17:20 Farm
28:40 Workshop
39:49 Gryphon Aviary
» items
| Scroll of Regeneration | 4 | |
| Lesser Clarity Potion | 3 | |
| Potion of Healing | 1 | |
| Scroll of Town Portal | 1 | |
| Staff of Sanctuary | 1 | |
10 total
scorpi68 (
red | 35 APM | 1378 actions | 39:49)
6 Death Knight
3 Death Coil
2 Unholy Aura
1 Animate Dead
5 Lich
3 Frost Nova
2 Frost Armor
2 Pandaren Brewmaster
1 Breath of Fire
1 Drunken Haze
» actions
| Assign group hotkey | 39 | |
| Basic commands | 2 | |
| Build / train | 72 | |
| Enter build submenu | 19 | |
| Enter hero's abilities submenu | 14 | |
| Give item / drop item | 4 | |
| Right click | 727 | |
| Select / deselect | 378 | |
| Select group hotkey | 31 | |
| Use ability | 92 | |
1378 total
» units
| Acolyte | 10 | |
| Ghoul | 2 | |
| Crypt Fiend | 7 | |
| Forest Troll Shadow Priest | 1 | |
| Frost Wyrm | 14 | |
34 total
» upgrades
» buildings
| Crypt | 1 | |
| Ziggurat | 10 | |
| Altar of Darkness | 1 | |
| Graveyard | 1 | |
| Tomb of Relics | 1 | |
| Nerubian Tower | 3 | |
| Halls of the Dead | 1 | |
| Black Citadel | 1 | |
| Sacrificial Pit | 1 | |
| Boneyard | 2 | |
| Spirit Tower | 1 | |
23 total
» build order
00:10 Crypt
00:12 Ziggurat
00:33 Altar of Darkness
01:00 Graveyard
01:43 Ziggurat
02:15 Ziggurat
02:29 Tomb of Relics
02:49 Nerubian Tower
05:20 Halls of the Dead
07:35 Nerubian Tower
08:30 Black Citadel
09:47 Sacrificial Pit
09:52 Ziggurat
09:56 Ziggurat
11:01 Boneyard
11:02 Boneyard
13:45 Ziggurat
13:46 Ziggurat
13:49 Ziggurat
24:40 Ziggurat
24:41 Ziggurat
32:22 Spirit Tower
35:42 Nerubian Tower
» items
| Rod of Necromancy | 1 | |
| Dust of Appearance | 1 | |
| Potion of Healing | 8 | |
| Scroll of Town Portal | 2 | |
| Potion of Mana | 2 | |
14 total
Sunday77 (
purple | 36 APM | 1441 actions | 39:49)
7 Blademaster
3 Wind Walk
3 Critical Strike
1 Bladestorm
5 Shadow Hunter
3 Hex
2 Healing Wave
4 Tauren Chieftain
2 Shockwave
2 Endurance Aura
» actions
| Basic commands | 7 | |
| Build / train | 70 | |
| Enter build submenu | 19 | |
| Enter hero's abilities submenu | 16 | |
| Give item / drop item | 2 | |
| Right click | 687 | |
| Select / deselect | 540 | |
| Use ability | 97 | |
1441 total
» units
| Peon | 6 | |
| Grunt | 4 | |
| Tauren | 8 | |
| Demolisher | 18 | |
36 total
» upgrades
| Berserker Strength | 1 | |
| Pulverize | 1 | |
| Melee Weapons | 1 | |
| Armor | 1 | |
| Burning Oil | 1 | |
5 total
» buildings
| Altar of Storms | 1 | |
| Orc Burrow | 10 | |
| Barracks | 3 | |
| Stronghold | 1 | |
| War Mill | 1 | |
| Voodoo Lounge | 2 | |
| Fortress | 1 | |
| Tauren Totem | 2 | |
21 total
» build order
00:21 Altar of Storms
00:26 Orc Burrow
01:14 Barracks
01:29 Orc Burrow
02:49 Stronghold
02:53 War Mill
03:54 Voodoo Lounge
04:47 Voodoo Lounge
05:35 Orc Burrow
06:31 Fortress
06:37 Orc Burrow
07:48 Orc Burrow
09:44 Tauren Totem
09:48 Tauren Totem
12:57 Orc Burrow
24:53 Barracks
24:55 Barracks
26:38 Orc Burrow
30:08 Orc Burrow
30:10 Orc Burrow
30:13 Orc Burrow
» items
| Healing Salve | 2 | |
| Lesser Clarity Potion | 1 | |
| Scroll of Town Portal | 1 | |
| Orb of Lightning | 1 | |
| Potion of Healing | 2 | |
| Potion of Mana | 1 | |
8 total

»
yuanyongz (
yellow | 154 APM | 6125 actions | 39:49)
6 Demon Hunter
2 Mana Burn
3 Evasion
1 Metamorphosis
1 Keeper of the Grove
1 Entangling Roots
» actions
| Assign group hotkey | 70 | |
| Basic commands | 379 | |
| Build / train | 130 | |
| Enter build submenu | 22 | |
| Enter hero's abilities submenu | 7 | |
| Remove unit from queue | 8 | |
| Right click | 3055 | |
| Select / deselect | 706 | |
| Select group hotkey | 1636 | |
| Use ability | 112 | |
6125 total
» units
| Wisp | 37 | |
| Archer | 1 | |
| Glaive Thrower | 1 | |
| Druid of the Claw | 1 | |
| Chimaera | 29 | |
| Goblin Zeppelin | 1 | |
| Ghoul | 3 | |
73 total
» upgrades
| Vorpal Blades | 1 | |
| Druid of the Claw Training | 1 | |
| Corrosive Breath | 1 | |
| Reinforced Hides | 3 | |
| Strength of the Wild | 3 | |
9 total
» buildings
| Altar of Elders | 1 | |
| Moon Well | 8 | |
| Ancient of War | 4 | |
| Hunter's Hall | 1 | |
| Tree of Ages | 3 | |
| Ancient of Lore | 1 | |
| Tree of Eternity | 3 | |
| Ancient of Wind | 1 | |
| Chimaera Roost | 3 | |
| Tree of Life | 2 | |
| Ancient Protector | 3 | |
30 total
» build order
00:10 Altar of Elders
00:21 Moon Well
01:04 Ancient of War
02:10 Moon Well
02:16 Moon Well
03:32 Hunter's Hall
03:37 Ancient of War
03:39 Tree of Ages
03:40 Tree of Ages
05:18 Moon Well
06:07 Ancient of Lore
06:10 Tree of Eternity
06:11 Tree of Eternity
06:11 Tree of Eternity
07:47 Ancient of Wind
09:37 Chimaera Roost
09:38 Chimaera Roost
10:00 Chimaera Roost
15:01 Moon Well
15:01 Moon Well
15:03 Moon Well
19:34 Tree of Life
27:16 Moon Well
32:40 Ancient Protector
32:41 Ancient Protector
32:42 Ancient Protector
32:48 Tree of Life
32:54 Ancient of War
32:57 Ancient of War
» items
| Healing Salve | 1 | |
| Orb of Lightning | 1 | |
2 total
Chat log
(00:25 / Allies) TIMG4STRok: A MILLion towers
(00:37 / Allies) MagnificentMata: i feal like a million bucks :-D
(00:40 / Allies) MagnificentMata: lets lose top idont wanna base
(00:52 / Allies) TIMG4STRok: HOLD off for a lil
(00:55 / Allies) TIMG4STRok: so bot can get established
(00:56 / Allies) MagnificentMata: yeah after i take mid
(00:57 / Allies) MagnificentMata: we lose top
(01:01 / Allies) TIMG4STRok: done
(01:05 / Allies) TIMG4STRok: going paladin
(01:16 / Allies) MagnificentMata: gettin a big gay old blademaster
(02:03 / All) AlexDeatH: feed ? :p
(02:08 / All) TIMG4STRok: :[
(02:27 / Allies) MagnificentMata: feed me i get gargoyle
(03:06 / Allies) Starshaped: wood
(03:08 / Allies) Starshaped: ?
(04:09 / Allies) Starshaped: pwned
(04:39 / Allies) MagnificentMata: guy's a noob
(05:00 / All) scorpi68: ...
(05:10 / All) MagnificentMata: ^_-
(07:33 / Allies) TIMG4STRok: oom
(07:34 / Allies) Starshaped: rt
(07:35 / Allies) Starshaped: ty
(07:54 / Allies) Starshaped: mort/cloud
(07:58 / Allies) TIMG4STRok: SIEGe
(08:05 / Allies) MagnificentMata: nad got all these bats ?
(08:09 / Allies) TIMG4STRok: YO flamestruck get a bloodmage
(08:11 / Allies) TIMG4STRok: ill get m
(08:12 / Allies) TIMG4STRok: k
(08:19 / Allies) TIMG4STRok: tech up big boy
(08:28 / Allies) TIMG4STRok: share/tech/dont die
(08:44 / Allies) Starshaped: oh oops
(08:48 / Allies) Starshaped: thought i teched long ago
(10:43 / Allies) TIMG4STRok: im there
(11:12 / Allies) TIMG4STRok: SHARE
(11:13 / Allies) TIMG4STRok: pick me up
(11:57 / Allies) Starshaped: gonna go blizzass
(12:38 / Allies) TIMG4STRok: gold
(12:39 / Allies) TIMG4STRok: pelase
(12:40 / Allies) TIMG4STRok: noobs
(13:37 / Allies) Starshaped: dont get towerkills
(13:37 / Allies) TIMG4STRok: ge tthe morts
(13:39 / Allies) TIMG4STRok: i creep
(13:46 / Allies) TIMG4STRok: get the morts
(13:46 / Allies) TIMG4STRok: g
(13:47 / Allies) MagnificentMata: i can drop a ferno
(13:47 / Allies) Starshaped: towers dont give exp >_>
(13:48 / Allies) TIMG4STRok: et the morts
(14:17 / Allies) MagnificentMata: get me some backup
(14:19 / Allies) MagnificentMata: and ill drop a fernal
(14:53 / Allies) Starshaped: help plz
(14:56 / Allies) us-east: need
(14:57 / Allies) us-east: gold
(14:58 / Allies) us-east: for bats
(14:59 / Allies) us-east: fyi
(15:28 / Allies) us-east: gimme gold
(15:29 / Allies) us-east: for bats
(17:22 / Allies) MagnificentMata: anyone want a flut e?
(18:51 / Allies) MagnificentMata: its cool im creepin´ mid
(18:58 / Allies) Starshaped: wood plz
(21:05 / Allies) MagnificentMata: gonna need help in mid
(21:07 / Allies) MagnificentMata: now
(21:31 / Allies) TIMG4STRok: gold
(24:27 / Allies) MagnificentMata: anyone got lumber ?
(25:06 / Allies) us-east: star
(25:08 / Allies) us-east: gimme some gold
(25:09 / Allies) us-east: er
(25:10 / Allies) us-east: err
(25:10 / Allies) us-east: wood
(25:13 / Allies) Starshaped: cant
(25:17 / Allies) Starshaped: towering like fock
(27:32 / Allies) MagnificentMata: lum
(27:40 / Allies) Starshaped: tim
(27:42 / Allies) Starshaped: buy me a zep
(27:43 / Allies) Starshaped: plz
(27:43 / Allies) MagnificentMata: lum for mid
(27:46 / Allies) MagnificentMata: mid is where we're going
(27:48 / Allies) MagnificentMata: mid is our future
(28:13 / Allies) Starshaped: need zep
(28:14 / Allies) Starshaped: plz
(28:17 / Allies) us-east: take one
(28:18 / Allies) us-east: and share
(28:18 / Allies) us-east: please
(28:25 / Allies) Starshaped: ty
(28:30 / Allies) us-east: gold
(28:31 / Allies) us-east: pelase
(28:32 / Allies) us-east: please
(28:34 / Allies) us-east: for bats
(29:13 / Allies) Starshaped: dont cut there trees
(29:16 / Allies) Starshaped: im tankdripping tim
(29:25 / Allies) Starshaped: tim
(29:31 / Allies) TIMG4STRok: sweet
(30:11 / Allies) MagnificentMata: i need hu towers in mid
(30:18 / Allies) Starshaped: coming
(31:45 / Allies) us-east: gold
(31:46 / Allies) us-east: star
(31:55 / Allies) us-east: orbs
(32:02 / Allies) Starshaped: im massing towers bruh
(32:08 / Allies) us-east: thats fine
(32:14 / Allies) Starshaped: whats with the orbs
(32:17 / All) AlexDeatH: gg
(32:28 / Allies) us-east: gold
(32:29 / Allies) us-east: pplease
(32:31 / All) Starshaped: you give up already
(32:32 / All) Starshaped: ?
(32:33 / Allies) us-east: fast
(32:33 / Allies) us-east: fast
(32:34 / Allies) us-east: fast
(32:34 / Allies) us-east: fast
(32:35 / Allies) us-east: fast
(35:13 / Allies) Starshaped: tower the middle now
(35:17 / Allies) Starshaped: they gonna take a lot of time
(35:19 / Allies) Starshaped: killing my expo
(35:23 / Allies) TIMG4STRok: get some cannon towers
(35:31 / Allies) Starshaped: no room
(35:36 / Allies) Starshaped: someone go to a tavern plz
(37:09 / Allies) us-east: wood
(38:09 / Allies) us-east: lil bit
(38:10 / Allies) us-east: o wood
(38:20 / Allies) Starshaped: wtf
(38:28 / Allies) us-east: wood
(39:20 / Allies) MagnificentMata: its good we lost top
(39:24 / Allies) MagnificentMata: or they woulda probably left now
(39:25 / Allies) us-east: star
(39:26 / Allies) us-east: gold me
(39:32 / All) Sunday77: do you found its funny ?
(39:32 / Allies) Starshaped: lol
(39:37 / All) Sunday77: its not funny
(39:43 / Allies) us-east: its hilarious
(39:49 / Allies) TIMG4STRok: wish i could still sbolt buildings